 Dungeon Crawl Stone Soup version 0.29-a0-819-g94b489e0ae (webtiles) character file.

Game seed: 5308509444439842527

43572 spaghetti the Warrior (level 14, -4/222 (253) HPs)
             Began as an Ogre Berserker on July 6, 2022.
             Was an Elder of Trog.
             Slain by a yaktaur captain (7 damage)
             ... on level 11 of the Dungeon.
             The game lasted 00:28:21 (16272 turns).

spaghetti the Warrior (Ogre Berserker)             Turns: 16272, Time: 00:28:21

HP:   -4/222 (253)  AC:  9    Str: 34    XL:     14   Next: 24%
MP:   14/14         EV: 14    Int:  8    God:    Trog [****..]
Gold: 145           SH:  0    Dex: 14    Spells: 13/13 levels left

rFire   . . .      SeeInvis .   z - +7 lajatang of Order {silver, rMut, staff}
rCold   + . .      Faith    .   (shield currently unavailable)
rNeg    . . .      Spirit   .   F - +0 troll leather armour
rPois   .          Reflect  .   (helmet restricted)
rElec   .          Harm     .   Y - +1 cloak
rCorr   .          Rampage  .   (gloves unavailable)
rMut    +                       (boots unavailable)
Will    +++..                   G - amulet of regeneration {@e2}
Stlth   ..........              h - +6 ring of strength
HPRegen 3.07/turn               B - +6 ring of dexterity
MPRegen 0.14/turn

@: berserking, strong-willed, regenerating, heavily drained, very quick
A: large, unfitting armour, tough skin 1, cold resistance 1, screaming 1, wild
magic 1, MP-powered wands
a: Renounce Religion, Berserk, Trog's Hand, Brothers in Arms


You were on level 11 of the Dungeon.
You worshipped Trog.
Trog was greatly pleased with you.
You visited 2 branches of the dungeon, and saw 15 of its levels.
You also visited: Bailey.

You collected 1209 gold pieces.
You spent 1064 gold pieces at shops.


Innate Abilities, Weirdness & Mutations

You are too large for most types of armour.
You have tough skin. (AC +1)
Your flesh is cold resistant. (rC+)
You occasionally shout uncontrollably at your foes.
Your spells are a little harder to cast, but a little more powerful.
You expend magic power (3 MP) to strengthen your wands.


   Skills:
 + Level 18.0 Fighting
 - Level 2.6 Short Blades
 - Level 14.4 Staves
 + Level 7.9 Throwing
 - Level 11.2 Armour
 + Level 11.1 Dodging


You had 13 spell levels left.
You didn't know any spells.
Your spell library contained the following spells:

 Spells                   Type           Power      Damage    Failure   Level
 Apportation              Tloc           0%         N/A       52%         1
 Dazzling Flash           Conj/Hex       0%         N/A       86%         3
 Gell's Gravitas          Tloc           0%         N/A       86%         3
 Ignite Poison            Fire/Tmut/Pois 0%         N/A       86%         3
 Lesser Beckoning         Tloc           0%         N/A       86%         3
 Mephitic Cloud           Conj/Pois/Air  0%         N/A       86%         3
 Teleport Other           Tloc           0%         N/A       86%         3
 Animate Dead             Necr           0%         N/A       99%         4
 Iskenderun's Mystic Bla  Conj/Tloc      0%         2d3       99%         4
 Alistair's Intoxication  Tmut/Pois      0%         N/A       100%        5
 Blade Hands              Tmut           0%         N/A       100%        5
 Borgnjor's Vile Clutch   Necr/Erth      0%         N/A       100%        5
 Freezing Cloud           Conj/Ice/Air   0%         6-21      100%        5
 Irradiate                Conj/Tmut      0%         3d13      100%        5
 Death Channel            Necr           0%         N/A       100%        6
 Starburst                Conj/Fire      0%         6d3       100%        6
 Dragon Form              Tmut           0%         N/A       100%        7

Inventory:

Hand Weapons
 n - a +4 quarterstaff of flaming {staff}
   (You took it off Crazy Yiuf on level 4 of the Dungeon)
 z - the +7 lajatang of Order (weapon) {silver, rMut, staff}
   (You bought it in a shop on level 3 of the Dungeon)

   It inflicts extra damage upon those it strikes, and deals substantially
   increased damage to chaotic, mutated and magically transformed beings.
   rMut:      It protects you from mutation.
Missiles
 c - 85 stones (quivered) {throwing}
 g - 43 poisoned darts {throwing}
 A - 2 throwing nets {=f!fthrowing}
 H - 7 boomerangs {throwing}
 N - 3 boomerangs of dispersal {=f!fthrowing}
 R - 3 large rocks {=fthrowing}
 V - 4 curare-tipped darts {=fthrowing}
Armour
 F - a +0 troll leather armour (worn)
   (You found it on level 9 of the Dungeon)
 Y - a +1 cloak (worn)
   (You found it on level 3 of the Lair of Beasts)
Jewellery
 h - a +6 ring of strength (left hand)
   (You found it on level 2 of the Dungeon)
 q - an amulet of reflection
   (You found it on level 3 of the Dungeon)
 s - a ring of willpower
   (You found it on level 4 of the Dungeon)
 B - a +6 ring of dexterity (right hand)
   (You found it on level 5 of the Dungeon)
 D - a +6 ring of dexterity
   (You found it on level 5 of the Dungeon)
 E - the ring "Niysk" {*Corrode Fly rPois rF- Will+++}
   (You found it on level 2 of the Lair of Beasts)

   [ring of flight]

   rF:        It makes you vulnerable to fire.
   rPois:     It protects you from poison.
   Fly:       It grants you flight.
   *Corrode:  It may corrode you when you take damage.
   Will:      It greatly increases your willpower.
 G - an amulet of regeneration (around neck) {@e2}
   (You found it on level 6 of the Dungeon)
 I - a ring of flight
   (You found it on level 11 of the Dungeon)
Wands
 o - a wand of mindburst (4)
   (You found it on level 11 of the Dungeon)
 p - a wand of iceblast (16)
   (You found it on level 5 of the Dungeon)
 v - a wand of flame (32)
   (You took it off Dowan on level 4 of the Dungeon)
 O - a wand of charming (11)
   (You found it on level 9 of the Dungeon)
Scrolls
 b - a scroll of enchant weapon
 e - a scroll of torment {!r}
 j - a scroll of silence {!r}
 l - 2 scrolls of vulnerability {!r!r}
 m - a scroll of fear
 t - 2 scrolls of fog
 J - 6 scrolls of teleportation {@r4}
 K - a scroll of immolation {unknown}
 S - a scroll of blinking {!r}
 T - 2 scrolls of enchant armour
 U - 2 scrolls of brand weapon
 W - a scroll of noise {!r}
 Z - a scroll of summoning
Potions
 a - 2 potions of invisibility
 d - 4 potions of mutation {!q}
 f - 2 potions of degeneration {!q@e2}
 i - 2 potions of lignification {!q}
 k - 3 potions of haste {@q3}
 r - 2 potions of magic
 u - 7 potions of curing {@q1}
 w - 2 potions of attraction {!q}
 C - 4 potions of heal wounds {@q2}
 L - 3 potions of resistance {unknown}
 M - 2 potions of might {unknown}
 P - 3 potions of brilliance {unknown}
 Q - a potion of flight {unknown}
 X - 12 potions of ambrosia

Dungeon Overview and Level Annotations

Branches:
Dungeon (11/15) Zot: 26403  Temple (0/1) D:5            Lair (4/6) D:10 Zot: 20651
 Shoals (0/4) Lair:3        Snake (0/4) Lair:4       Bailey (visited)
    Orc: D:9-12

Altars:
Ashenzari
Cheibriados
Dithmenos
Fedhas
Hepliaklqana
Kikubaaqudgha
Qazlal
Uskayaw
Wu Jian
The Shining One

Shops:
D:3 (

Annotations:
D:6 3 runed translucent doors, zeratav's ghost, novice SpHu
D:7 2 transporters, haplo13's ghost, novice HuFi
D:11 1 exclusion

...#############...## ..##$..#
#...##...######### .##...##
##...##..##......##### .#.....
..B...#...#..........# .#...##
##...#...#........... ###..#
......#...#....####### .#..##
.....##..##....#...... .#...#
.#..##...##....+...... ###..#
####@..###....#...... .#...
#..((c## #....#...... .#..##
........## #.†..#...... ###..#
......### #.)††#......
.#...#################....#......
.#....#..†..#...........).#......
.##......#.....##.##......#......
..##....###....##.##......#......
...###### ###########.....#......


You could see a yaktaur captain and a +1 hand axe of draining.


Message History

You slice the ettin!!
The ettin hits you with a +2 dire flail of protection!!
* * * LOW HITPOINT WARNING * * *
The ettin hits you with a +0 dire flail!!
* * * LOW HITPOINT WARNING * * *
😨 HP[-49]
You take 49 damage, and now have 61/223 hp.
MASSIVE DAMAGE!! (PAUSE) Unknown command.
Unknown command.
You slash the ettin!
You feel the power of Trog in you as your rage grows.
You kill the ettin!
Trog accepts your kill. The +1 hand axe of draining hits you.
* * * LOW HITPOINT WARNING * * *
You feel drained.
* * * LOW HITPOINT WARNING * * *
The centaur warrior closely misses you. The centaur warrior kicks you.
* * * LOW HITPOINT WARNING * * *
Unknown command. 😨 HP[-4]
You now have 225 max hp (+2).
You take 4 damage, and now have 57/225 hp.
Unknown command.
Unknown command.
You chop the centaur warrior into pieces!!!
You kill the centaur warrior!
Trog accepts your kill.
The +1 hand axe of draining hits you but does no damage.
You feel drained.
Your Fighting skill increases to level 18! 😨 HP[+2]
You now have 231 max hp (+6).
You regained 2 hp, and now have 59/231 hp.
Unknown command.
Unknown command.
Unknown command.
You hit the stone giant.
The +1 hand axe of draining hits you but does no damage.
You feel drained. 😨 HP[+1]
You now have 229 max hp (-2).
Unknown command.
Unknown command.
Unknown command.
You slice the stone giant!! The stone giant closely misses you.
The yaktaur captain completely misses you. 😨 HP[+2]
You regained 2 hp, and now have 62/229 hp.
You slice the stone giant!! The +1 hand axe of draining hits you!
* * * LOW HITPOINT WARNING * * *
You feel drained.
* * * LOW HITPOINT WARNING * * *
😱 HP[-11]
You now have 223 max hp (-6).
You take 11 damage, and now have 51/223 hp.
Unknown command.
Unknown command.
Unknown command.
You slash the stone giant! The +1 hand axe of draining hits you.
* * * LOW HITPOINT WARNING * * *
You feel drained.
* * * LOW HITPOINT WARNING * * *
The stone giant hits you!!
* * * LOW HITPOINT WARNING * * *
The yaktaur captain hits you but does no damage. 😱 HP[-35]
You now have 220 max hp (-3).
You take 35 damage, and now have 16/220 hp.
Unknown command.
Unknown command.
Unknown command.
Unknown command.
Unknown command.
You slice the stone giant!!
You kill the stone giant!
Trog accepts your kill. The +1 hand axe of draining hits you.
* * * LOW HITPOINT WARNING * * *
You feel drained.
You now have 225 max hp (+5).
Unknown command.
Unknown command.
Unknown command.
You slice the yaktaur captain!! The yaktaur captain hits you!
* * * LOW HITPOINT WARNING * * *
😱 HP[-10]
You take 10 damage, and now have 6/225 hp.
Unknown command.
Unknown command.
You barely miss the yaktaur captain.
The +1 hand axe of draining barely misses you. 😱 HP[+1]
You slice the yaktaur captain!! The +1 hand axe of draining hits you.
* * * LOW HITPOINT WARNING * * *
You feel drained.
* * * LOW HITPOINT WARNING * * *
The yaktaur captain hits you!
You die...

Skill      XL: |  1  2  3  4  5  6  7  8  9 10 11 12 13 14 |
---------------+-------------------------------------------+-----
Fighting       | 5 6 8 9 11 13 14 15 17 18 | 18.0
Dodging        | 3 4 5 7 9 10 11 | 11.1
Staves         | 1 2 4 5 12 14 | 14.4
Armour         | 9 11 | 11.2
Throwing       | 3 7 |  7.9
Short Blades   | |  2.6

Action                   |  1- 3 |  4- 6 |  7- 9 | 10-12 | 13-15 || total
-------------------------+-------+-------+-------+-------+-------++-------
Melee: Short sword       |   166 |   125 |       |       |       ||   291
       Punch             |     1 |       |       |       |       ||     1
       Mace              |       |    78 |    60 |       |       ||   138
       Quarterstaff      |       |       |   169 |   429 |   216 ||   814
       Flail             |       |       |    16 |       |       ||    16
       Lajatang          |       |       |       |       |    88 ||    88
Throw: Stone             |       |       |     4 |    13 |    33 ||    50
Invok: Berserk           |     3 |     8 |     8 |    18 |     5 ||    42
       Trog's Hand       |       |       |     3 |     3 |     2 ||     8
       Brothers in Arms  |       |       |       |     3 |     3 ||     6
  Use: Potion            |       |       |     3 |     2 |       ||     5
       Scroll            |       |       |     9 |    11 |     3 ||    23
 Stab: Paralysed         |       |       |     1 |     1 |       ||     2
Armor: Animal skin       |    60 |    90 |    61 |    17 |       ||   228
       Skin              |       |       |    10 |       |       ||    10
       Troll leather arm |       |       |       |    87 |    85 ||   172
Dodge: Dodged            |   111 |   121 |   150 |   370 |   193 ||   945
Block: Other             |       |     8 |    50 |       |       ||    58

Levels and vault maps discovered:
D:1:      doesnt_arrival_eight_statues, layout_loops_corners
D:2:      minmay_chambers_of_ones, layout_basic, basic_altar, uniq_robin
D:3:      layout_rooms, nicolae_kikubaaqudgha_miasma_corner,
          shapermc_ecumenical_altar_totnotflames, serial_shops, shop,
          uniq_grinder
D:4:      layout_loops_corners, uniq_crazy_yiuf_cottage, uniq_duvessa
D:5:      wander_river, layout_loops_ring, grunt_dithmenos_smoke_and_mirrors,
          nicolae_ashenzari_skybound, minmay_temple_entry_drinking_statues,
          serial_undead, serial_undead_f, serial_undead_f, serial_undead_d,
          serial_undead_c, serial_undead_c, serial_undead_f, serial_undead_b,
          serial_undead_c, serial_undead_c, serial_undead_a,
          ebering_ghost_disaster_area
D:6:      layout_gridville, pdpol_wu_jian_five_deadly_venoms,
          nicolae_tso_swordbearing_angel, fedhas_altar_1,
          gammafunk_ghost_necromancy
D:7:      layout_loops_cross, gammafunk_ghost_gnarly_gnolls, enter_bailey_3,
          uniq_menkaure
D:8:      layout_loops_cross, minmay_hedge_maze, uniq_prince_ribbit1,
          uniq_joseph
D:9:      wad_cavern_with_rooms, layout_basic, slow_altar_1,
          mainiacjoe_overflow_catwalk, minmay_fractal_squares_gapless_5
D:10:     layout_roguey, mainiacjoe_overflow_paths, lair_entry_dummy,
          minmay_fractal_squares_diagonal_5
D:11:     minmay_tile_spiral, layout_irregular_city,
          nicolae_hepliaklqana_hazy_memory, uniq_nergalle
Lair:1:   layout_roguey, hangedman_lair_unloving_vines, beast_lair_carwin_3,
          serial_bayou_shore_b, lemuel_fruit_tree, uniq_sonja
Lair:2:   layout_roguey, gammafunk_ghost_grave, grunt_megastairs_3,
          infiniplex_staircase_pool_2
Lair:3:   layout_cave_pods, minmay_shoals_entry_centaurs, special_room
          [special_room_bee], grunt_megastairs_1
Lair:4:   nzn_winding_woodlands_small [nzn_winding_woodlands_5x15_default,
          nzn_winding_woodlands_center_garden,
          nzn_winding_woodlands_5x15_default], layout_regular_city,
          guppyfry_snake_entry_garden, infiniplex_staircase_pool,
          serial_bayou_shore_a

Notes
Turn   | Place    | Note
-------+----------+-------------------------------------------
     0 | D:1      | spaghetti the Ogre Berserker began the quest for the Orb.
     0 | D:1      | Reached XP level 1. HP: 24/24 MP: 1/1
     0 | D:1      | magus.rc [v1.9.6]
   314 | D:1      | Reached XP level 2. HP: 20/33 MP: 2/2
   637 | D:1      | Reached skill level 5 in Fighting
   950 | D:1      | Reached XP level 3. HP: 42/42 MP: 3/3
  1092 | D:1      | You add the spells Ignite Poison, Mephitic Cloud and
                  | Freezing Cloud to your library.
  1099 | D:1      | Reached skill level 3 in Dodging
  1361 | D:1      | Reached ** piety under Trog
  1911 | D:2      | Reached XP level 4. HP: 50/52 MP: 4/4
  2008 | D:2      | Found a snail-covered altar of Cheibriados.
  2232 | D:2      | Reached skill level 6 in Fighting
  2649 | D:2      | Noticed Robin
  2667 | D:2      | Killed Robin
  3314 | D:3      | Found Vibomy's Antique Weapon Shoppe.
  3317 | D:3      | Reached XP level 5. HP: 61/61 MP: 5/5
  3406 | D:3      | Found a faded altar of an unknown god.
  3410 | D:3      | You pick up a book of Spectacle {forbidden} and begin
                  | reading...
  3410 | D:3      | You add the spells Dazzling Flash, Iskenderun's Mystic
                  | Blast and Starburst to your library.
  3416 | D:3      | Noticed Grinder
  3430 | D:3      | Killed Grinder
  3431 | D:3      | Reached skill level 8 in Fighting
  3431 | D:3      | Reached skill level 4 in Dodging
  3431 | D:3      | Reached XP level 6. HP: 72/72 MP: 6/6
  3585 | D:3      | Found an ancient bone altar of Kikubaaqudgha.
  4673 | D:4      | Noticed a black bear
  4679 | D:4      | Noticed Dowan
  4682 | D:4      | Noticed Duvessa
  4684 | D:4      | Killed a black bear
  4685 | D:4      | Reached skill level 1 in Staves
  4685 | D:4      | Reached XP level 7. HP: 81/81 MP: 7/7
  4691 | D:4      | Killed Duvessa
  4692 | D:4      | Reached skill level 9 in Fighting
  4696 | D:4      | Killed Dowan
  4720 | D:4      | Reached skill level 2 in Staves
  4805 | D:4      | You pick up a book of Displacement {forbidden} and begin
                  | reading...
  4805 | D:4      | You add the spells Lesser Beckoning, Gell's Gravitas and
                  | Teleport Other to your library.
  4815 | D:4      | Identified the +0 spear of Broken Luck {freeze, rPois rC+}
  4970 | D:4      | Reached skill level 5 in Dodging
  4974 | D:4      | Gained mutation: You occasionally shout uncontrollably at
                  | your foes. [potion of mutation]
  4974 | D:4      | Gained mutation: You have hidden genetic potential. [potion
                  | of mutation]
  4976 | D:4      | HP: 20/121 [wight/+5 great sword (20)]
  4978 | D:4      | Reached XP level 8. HP: 21/89 MP: 8/8
  4982 | D:4      | HP: 20/133 [wight/+3 morningstar (13)]
  4989 | D:4      | Reached skill level 10 in Fighting
  5338 | D:4      | Found a runed translucent door.
  5339 | D:4      | Noticed Crazy Yiuf
  5816 | D:4      | Killed Crazy Yiuf
  6081 | D:5      | Entered Level 5 of the Dungeon
  6103 | D:5      | Reached skill level 3 in Staves
  6172 | D:5      | Found a staircase to the Ecumenical Temple.
  6209 | D:5      | Gained mutation: You expend magic power (3 MP) to
                  | strengthen your wands. [hidden potential]
  6362 | D:5      | Reached skill level 11 in Fighting
  6379 | D:5      | Reached skill level 4 in Staves
  6575 | D:5      | Found a large runed translucent door.
  6575 | D:5      | Found a large runed translucent door.
  6578 | D:5      | Noticed zhov's ghost (novice OpTm)
  6685 | D:5      | Reached XP level 9. HP: 92/105 MP: 9/9
  6840 | D:5      | Reached skill level 6 in Dodging
  6948 | D:5      | Reached skill level 12 in Fighting
  6952 | D:5      | Found a broken altar of Ashenzari.
  7147 | D:5      | Found a shadowy altar of Dithmenos.
  7340 | D:5      | Killed zhov's ghost
  7341 | D:5      | Reached skill level 5 in Staves
  7354 | D:5      | Gained mutation: You have great hidden genetic potential.
                  | [hidden potential]
  7354 | D:5      | Lost mutation: You have great hidden genetic potential.
                  | [hidden potential expressed]
  7439 | D:6      | Found a blossoming altar of Fedhas.
  7471 | D:6      | You pick up a book of Unlife {forbidden} and begin
                  | reading...
  7471 | D:6      | You add the spells Animate Dead, Borgnjor's Vile Clutch and
                  | Death Channel to your library.
  7488 | D:6      | Reached *** piety under Trog
  7625 | D:6      | Found a runed translucent gate.
  7625 | D:6      | Found a runed translucent gate.
  7626 | D:6      | Found a runed translucent gate.
  7626 | D:6      | Noticed a spectral unseen horror
  7628 | D:6      | Noticed zeratav's ghost (novice SpHu)
  7825 | D:6      | Found a glowing golden altar of the Shining One.
  7946 | D:6      | Found an ornate altar of the Wu Jian Council.
  8134 | D:7      | Reached skill level 13 in Fighting
  8168 | D:7      | Noticed Menkaure
  8170 | D:7      | Killed Menkaure
  8218 | D:7      | Found a flagged portal.
  8229 | Bailey   | Entered a bailey
  8492 | Bailey   | Reached skill level 7 in Dodging
  8492 | Bailey   | Reached XP level 10. HP: 97/119 MP: 10/10
  8536 | Bailey   | Reached skill level 6 in Staves
  8594 | Bailey   | Noticed an orc knight
  8601 | Bailey   | Killed an orc knight
  8602 | Bailey   | Reached skill level 14 in Fighting
  8673 | Bailey   | Acquired a manual of Staves
  8713 | D:7      | Identified the ring "Boowi" {Str+7 Int+6}
  8715 | D:7      | Noticed haplo13's ghost (novice HuFi)
  8754 | D:7      | Reached skill level 7 in Staves
  8754 | D:7      | Gained mutation: Your spells are a little harder to cast,
                  | but a little more powerful. [hidden potential]
  8790 | D:7      | Identified the +8 scale mail of Summertime {rC- MP+9 Str+4
                  | Dex+6}
  8864 | D:7      | Reached **** piety under Trog
  8980 | D:7      | Paralysed by a hornet for 2 turns
  8986 | D:7      | Reached skill level 8 in Staves
  9149 | D:7      | Found a transporter.
  9150 | D:7      | Found a transporter.
  9211 | D:8      | Noticed Joseph
  9226 | D:8      | Killed Joseph
  9227 | D:8      | Reached skill level 9 in Staves
  9312 | D:8      | Noticed Prince Ribbit
  9324 | D:8      | Killed Prince Ribbit
  9352 | D:8      | Reached skill level 10 in Staves
  9972 | D:9      | Reached skill level 11 in Staves
 10039 | D:9      | Noticed a two-headed ogre
 10055 | D:9      | Killed a two-headed ogre
 10056 | D:9      | Reached skill level 12 in Staves
 10056 | D:9      | Reached XP level 11. HP: 130/130 MP: 11/11
 10057 | D:9      | Reached skill level 13 in Staves
 10066 | D:9      | Noticed a two-headed ogre
 10204 | D:9      | HP: 30/195 [two-headed ogre/+0 giant spiked club (23)]
 10206 | D:9      | Killed a two-headed ogre
 10222 | D:9      | Gained mutation: Your flesh is cold resistant. (rC+)
                  | [hidden potential]
 10222 | D:9      | Lost mutation: You have hidden genetic potential. [hidden
                  | potential expressed]
 10368 | D:9      | Found a snail-covered altar of Cheibriados.
 10510 | D:9      | Noticed a two-headed ogre
 10517 | D:9      | Killed a two-headed ogre
 10518 | D:9      | Reached skill level 14 in Staves
 10616 | D:9      | Reached skill level 1 in Armour
 10665 | D:9      | Found a stormy altar of Qazlal.
 10717 | D:9      | Reached skill level 2 in Armour
 10850 | D:9      | Reached skill level 3 in Armour
 10859 | D:9      | Reached skill level 4 in Armour
 10944 | D:9      | Reached skill level 5 in Armour
 11072 | D:9      | Noticed a two-headed ogre
 11073 | D:9      | Noticed a red ugly thing
 11078 | D:9      | Killed a two-headed ogre
 11079 | D:9      | Reached skill level 6 in Armour
 11081 | D:9      | Killed a red ugly thing
 11188 | D:10     | Entered Level 10 of the Dungeon
 11202 | D:10     | Reached skill level 7 in Armour
 11238 | D:10     | Found a hide-covered altar of Uskayaw.
 11428 | D:10     | Noticed a cyclops
 11446 | D:10     | Reached skill level 8 in Armour
 11454 | D:10     | Killed a cyclops
 11658 | D:10     | Reached skill level 9 in Armour
 11696 | D:10     | Found a staircase to the Lair.
 11981 | Lair:1   | Entered Level 1 of the Lair of Beasts
 12000 | Lair:1   | Reached XP level 12. HP: 139/139 MP: 12/12
 12012 | Lair:1   | Reached skill level 10 in Armour
 12060 | Lair:1   | Noticed Sonja
 12066 | Lair:1   | HP: 34/139 [Sonja/+2 short sword of venom (2)]
 12069 | Lair:1   | HP: 15/139 [Sonja/+2 short sword of venom (4)]
 12070 | Lair:1   | HP: 7/139 [poisoned by Sonja]
 12080 | Lair:1   | Killed Sonja
 12087 | Lair:1   | Reached skill level 11 in Armour
 12252 | Lair:1   | You fall into a shaft and drop 1 floor!
 12252 | Lair:2   | Noticed a six-headed hydra
 12262 | Lair:2   | Killed a six-headed hydra
 12286 | Lair:2   | HP: 33/140 [wolf (7)]
 12288 | Lair:2   | HP: 15/140 [wolf (8)]
 12422 | Lair:2   | Noticed a boulder beetle
 12427 | Lair:2   | Reached skill level 8 in Dodging
 12445 | Lair:2   | Killed a boulder beetle
 12446 | Lair:2   | Reached skill level 15 in Fighting
 12449 | Lair:2   | HP: 35/141 [poisoned by a cane toad]
 12772 | Lair:2   | Noticed an eight-headed hydra
 12778 | Lair:2   | Killed an eight-headed hydra
 12779 | Lair:2   | Reached skill level 1 in Throwing
 12902 | Lair:2   | Found a runed translucent door.
 12902 | Lair:2   | Noticed abessonov's ghost (journeyman MiFi)
 12932 | Lair:2   | Reached skill level 2 in Throwing
 12987 | Lair:2   | Noticed a seven-headed hydra
 12998 | Lair:2   | Killed a seven-headed hydra
 13237 | Lair:2   | Killed abessonov's ghost
 13239 | Lair:2   | Identified the ring "Niysk" {*Corrode Fly rPois rF-
                  | Will+++}
 13242 | Lair:2   | You pick up a book of Transfigurations {forbidden@e2} and
                  | begin reading...
 13242 | Lair:2   | You add the spells Irradiate, Blade Hands and Dragon Form
                  | to your library.
 13330 | Lair:2   | Reached skill level 3 in Throwing
 13333 | Lair:2   | Reached skill level 9 in Dodging
 13446 | Lair:3   | Reached XP level 13. HP: 152/152 MP: 13/13
 13573 | Lair:3   | Found a staircase to the Shoals.
 13578 | Lair:3   | Reached skill level 16 in Fighting
 13586 | Lair:3   | Reached skill level 4 in Throwing
 14679 | Lair:4   | Reached skill level 5 in Throwing
 14741 | Lair:4   | Reached skill level 10 in Dodging
 14870 | Lair:4   | Reached skill level 6 in Throwing
 14891 | Lair:4   | Reached skill level 17 in Fighting
 14993 | Lair:4   | You pick up a book of Party Tricks {forbidden} and begin
                  | reading...
 14993 | Lair:4   | You add the spells Apportation and Alistair's Intoxication
                  | to your library.
 15150 | Lair:4   | Found a staircase to the Snake Pit.
 15499 | D:3      | Bought the +7 lajatang of Order {silver, rMut} for 1064
                  | gold pieces
 15499 | D:3      | Found the +7 lajatang of Order {silver, rMut, staff}
 15695 | D:11     | Found a hazy altar of Hepliaklqana.
 15928 | D:11     | Reached skill level 7 in Throwing
 15998 | D:11     | Reached XP level 14. HP: 156/166 MP: 14/14
 16132 | D:11     | Noticed Nergalle
 16143 | D:11     | Killed Nergalle
 16203 | D:11     | Reached skill level 11 in Dodging
 16254 | D:11     | Noticed a stone giant
 16265 | D:11     | Reached skill level 18 in Fighting
 16267 | D:11     | HP: 53/229 [+1 hand axe of draining (10)]
 16268 | D:11     | HP: 16/220 [stone giant (32)]
 16269 | D:11     | Killed a stone giant
 16270 | D:11     | HP: 6/225 [yaktaur captain (12)]
 16272 | D:11     | Slain by a yaktaur captain

Vanquished Creatures
  A stone giant (D:11)
  An ettin (D:11)
  The ghost of abessonov the Cleaver, a journeyman MiFi of the Shining One (Lair:2)
  6 hydras
  2 boulder beetles
  2 centaur warriors (D:11)
  4 two-headed ogres (D:9)
  Nergalle (D:11)
  3 ugly things
  An orc knight (Bailey)
  3 manticores (D:11)
  A cyclops (D:10)
  6 elephants (Lair:4)
  The ghost of zhov the Insei, a novice OpTm (D:5)
  6 black mambas
  A gargoyle (D:10)
  Joseph (D:8)
  10 cane toads
  A rime drake (Lair:4)
  An unseen horror (D:11)
  3 komodo dragons
  4 trolls
  2 polar bears
  Grinder (D:3)
  Prince Ribbit (D:8)
  A queen bee (Lair:3)
  4 blink frogs (Lair:3)
  A hornet (D:7)
  6 slime creatures (D:11)
  A centaur simulacrum (D:11)
  3 wraiths
  A shadow (D:11)
  2 wyverns
  26 yaks
  A hog (shapeshifter) (D:11)
  2 basilisks
  Menkaure (D:7)
  2 nagas (Lair:4)
  2 steam dragons
  An acid dragon (D:9)
  Duvessa (D:4)
  11 water moccasins
  8 orc warriors
  A sky beast (D:8)
  2 black bears
  2 ogres (D:5)
  8 wolves
  6 centaurs
  2 phantoms (D:5)
  A kobold brigand (D:6)
  7 bullfrogs
  A necrophage (D:7)
  A scorpion (D:5)
  3 water moccasin zombies (D:5)
  2 wyvern zombies (D:5)
  9 wights
  Dowan (D:4)
  A wyvern skeleton (D:5)
  37 killer bees
  2 howler monkeys
  A centaur zombie (D:5)
  4 bullfrog zombies (D:5)
  2 jellies (D:7)
  An orc priest (D:11)
  Crazy Yiuf (D:4)
  2 hounds (D:5)
  A gnoll bouda (D:10)
  3 iguanas
  7 orc wizards
  2 scorpion zombies (D:5)
  4 hound zombies (D:5)
  Robin (D:2)
  A howler monkey skeleton (D:5)
  7 adders
  A shadow imp (D:6)
  2 white imps
  2 worms
  5 dart slugs
  41 orcs
  10 endoplasms
  4 giant cockroaches
  12 goblins
  12 hobgoblins
  6 jackals (D:4)
  5 quokkas
  6 ball pythons
  9 bats
  3 frilled lizards
  17 kobolds
  6 rats
402 creatures vanquished.

Vanquished Creatures (collateral kills)
  An alligator (Lair:4)
  Sonja (Lair:1)
  A torpor snail (Lair:4)
  2 cane toads (Lair:1)
  A komodo dragon (Lair:4)
  3 yaks (Lair:1)
  A water moccasin (Lair:2)
  2 wolves (Lair:2)
  A bullfrog (Lair:2)
  A killer bee (D:9)
14 creatures vanquished.

Vanquished Creatures (others)
  A bush (D:8)
  14 fungi
  60 plants
  6 withered plants
81 creatures vanquished.

Grand Total: 497 creatures vanquished

Table legend:
 A = Non-vault XP
 B = Vault XP
 C = Vault XP percentage of total XP
 D = Non-vault monster count
 E = Vault monster count
 F = Vault count percentage of total count
                 A         B        C        D         E       F
            +---------+---------+-------+---------+---------+-------
      Total |   33370 |   28877 |  46.4 |     269 |     147 |  35.3
            +---------+---------+-------+---------+---------+-------
        D:1 |      52 |       0 |   0.0 |      27 |       0 |   0.0
        D:2 |      77 |      35 |  31.2 |      18 |      12 |  40.0
        D:3 |     102 |     286 |  73.7 |      24 |       1 |   4.0
        D:4 |     572 |     258 |  31.1 |      21 |       3 |  12.5
        D:5 |     467 |    1570 |  77.1 |      10 |      21 |  67.7
        D:6 |     452 |       0 |   0.0 |      11 |       0 |   0.0
        D:7 |     960 |     177 |  15.6 |      22 |       5 |  18.5
        D:8 |     824 |     693 |  45.7 |      13 |       2 |  13.3
        D:9 |    4034 |    3113 |  43.6 |      20 |      10 |  33.3
       D:10 |    1561 |    1588 |  50.4 |      19 |       6 |  24.0
       D:11 |    4423 |    7517 |  63.0 |      18 |      12 |  40.0
     Lair:1 |    1657 |    2232 |  57.4 |       7 |       7 |  50.0
     Lair:2 |    5749 |    3444 |  37.5 |      20 |      19 |  48.7
     Lair:3 |    4671 |    2105 |  31.1 |      17 |      16 |  48.5
     Lair:4 |    7769 |    4340 |  35.8 |      22 |      12 |  35.3
     Bailey |       0 |    1519 | 100.0 |       0 |      21 | 100.0
            +---------+---------+-------+---------+---------+-------

Illustrated notes

Table legend:
 A = Kills in this place as a percentage of kills in entire the game.
 B = Kills by you in this place as a percentage of kills by you in the entire game.
 C = Kills by friends in this place as a percentage of kills by friends in the entire game.
 D = Other kills in this place as a percentage of other kills in the entire game.
 E = Experience gained in this place as a percentage of experience gained in the entire game.
 F = Experience gained in this place divided by the number of levels of this place that you have seen.
                   A       B       C       D       E      F
               +-------+-------+-------+-------+-------+----------------------
         Total | 100.0 | 100.0 | 100.0 |   N/A | 100.0 | 3890.4
       Dungeon |  66.1 |  68.2 |   7.1 |   N/A |  46.2 | 2614.6
          Lair |  28.8 |  26.6 |  92.9 |   N/A |  51.4 | 7991.8
        Bailey |   5.0 |   5.2 |   0.0 |   N/A |   2.4 | 1519.0
               +-------+-------+-------+-------+-------+----------------------

Table legend: (Time is in decaauts)
 A = Elapsed time spent in this place.
 B = Non-inter-level travel time spent in this place.
 C = Inter-level travel time spent in this place.
 D = Time resting spent in this place.
 E = Time spent auto-exploring this place.
 F = Levels seen in this place.
 G = Mean time per level.
                   A        B        C        D        E       F      G
               +--------+--------+--------+--------+--------+-----+--------+
         Total |  16552 |  15875 |    677 |    972 |  12273 |  16 | 1034.5 |
       Dungeon |  12678 |  12164 |    514 |    653 |   9678 |  11 | 1152.5 |
          Lair |   3348 |   3185 |    163 |    154 |   2416 |   4 |  837.0 |
        Bailey |    525 |    525 |      0 |    164 |    178 |   1 |  525.0 |
               +--------+--------+--------+--------+--------+-----+--------+

Top non-repeatable levels by time:
     D:4: 1885 daAuts
     D:1: 1751 daAuts
     D:2: 1605 daAuts
     D:5: 1396 daAuts
     D:9: 1291 daAuts
  Lair:3: 1188 daAuts
  Lair:2: 1166 daAuts
     D:3: 1140 daAuts
    D:10: 809 daAuts
     D:6: 764 daAuts
     D:8: 761 daAuts
  Lair:4: 703 daAuts
     D:7: 676 daAuts
    D:11: 596 daAuts
  Bailey: 525 daAuts
